[Event "Titled Tuesday Blitz September 14 2021"]
[White "Djordjevic, Vuk"]
[Black "Makarian, Rudik"]
[WhiteFideId "902098"]
[BlackFideId "44105681"]
[WhiteElo "2463"]
[BlackElo "2411"]
[Result "0-1"]
[Round "04"]
[TimeControl "180+1"]
[Date "2021.09.15"]
[WhiteClock "0:00:07"]
[BlackClock "0:00:47"]

1. d4 Nf6 2. Bg5 d5 3. Bxf6 exf6 4. e3 Bd6 5. c4 dxc4 6. Bxc4 O-O 7. Nc3 f5 8. Nf3 Nd7 9. O-O Nf6 10. Nb5 Be7 11. Ne5 c6 12. Nc3 Bd6 13. Qb3 Qe7 14. f4 g6 15. Rfe1 Kg7 16. g3 Qc7 17. Rac1 h5 18. Bxf7 Bxe5 19. dxe5 Qxf7 20. Qxf7+ Rxf7 21. exf6+ Kxf6 22. e4 Be6 23. Rcd1 Rd7 24. Rxd7 Bxd7 25. Kf2 Be6 26. Rd1 Ke7 27. Ke3 a5 28. a3 Ra6 29. Rd4 Rb6 30. b4 axb4 31. Rxb4 Rxb4 32. axb4 Kd6 33. Kd4 Bb3 34. b5 c5+ 35. Kd3 Kc7 36. Nd5+ Kd6 37. Nc3 Be6 38. e5+ Kc7 39. Na4 b6 40. Nc3 Bb3 41. Ne2 Kd7 42. Kc3 Bd1 43. Nc1 Ke6 44. Kc4 Bf3 45. Kb3 Kd5 46. Kc3 Bd1 47. Kd2 Ba4 48. Na2 Bxb5 49. Nc3+ Kc4 50. e6 Be8 51. Nd1 Kd5 52. e7 Ke6 53. Ne3 b5 54. h3 Kxe7 55. g4 fxg4 56. hxg4 h4 57. g5 h3 58. f5 h2 0-1


[Site "https://www.chess.com"]

[Event "Titled Tuesday Blitz September 14 2021"]
[White "Gelman, Alexander"]
[Black "Gupta, Abhijeet"]
[WhiteFideId "4118316"]
[BlackFideId "5010608"]
[WhiteElo "2375"]
[BlackElo "2549"]
[Result "0-1"]
[Round "04"]
[TimeControl "180+1"]
[Date "2021.09.15"]
[WhiteClock "0:00:01"]
[BlackClock "0:00:04"]

1. d4 Nf6 2. Nc3 d5 3. Bf4 c6 4. f3 Bf5 5. g4 Bg6 6. h4 h5 7. g5 Nfd7 8. e4 e6 9. Nge2 b5 10. a3 Nb6 11. Bh3 N8d7 12. O-O Be7 13. Bg3 a5 14. Nf4 Nf8 15. exd5 b4 16. axb4 axb4 17. Rxa8 Qxa8 18. d6 Bxd6 19. Ne4 Bxf4 20. Bxf4 Bxe4 21. fxe4 Ng6 22. Bd6 Nc4 23. Bxb4 Ne3 24. Qe1 Nxf1 25. Bxf1 Qb8 26. e5 Nf4 27. c3 Nd5 28. Ba3 Qb7 29. Qg3 g6 30. Qf3 Ne7 31. Bg2 O-O 32. Qf6 Re8 33. Bxe7 Rxe7 34. Bxc6 Qa7 35. Be4 Qa1+ 36. Kh2 Qxb2+ 37. Bg2 Re8 38. Qf3 Rc8 39. d5 Qxc3 40. Qf4 Qc4 41. dxe6 Qxf4+ 0-1


[Site "https://www.chess.com"]

[Event "Titled Tuesday Blitz September 14 2021"]
[White "Grischuk, Alexander"]
[Black "Vasquez Schroeder, Rodrigo"]
[WhiteFideId "4126025"]
[BlackFideId "3400042"]
[WhiteElo "3075"]
[BlackElo "2789"]
[Result "1-0"]
[Round "04"]
[TimeControl "180+1"]
[Date "2021.09.15"]
[WhiteClock "0:00:21"]
[BlackClock "0:00:20"]

1. e4 e5 2. Nf3 Nc6 3. Bb5 a6 4. Ba4 Nf6 5. O-O Be7 6. d3 d6 7. c3 O-O 8. Re1 b5 9. Bc2 Bb7 10. Nbd2 Re8 11. Nf1 Bf8 12. Bg5 h6 13. Bh4 Be7 14. Ne3 Nh7 15. Bg3 Bf8 16. a4 Ne7 17. b4 Ng6 18. Bb3 c6 19. Nf5 Nf6 20. N3h4 Nxh4 21. Bxh4 g6 22. Ne3 Be7 23. Qf3 Rf8 24. axb5 axb5 25. Rxa8 Bxa8 26. Ra1 Kg7 27. Ra7 Ng8 28. Rxe7 Nxe7 29. Qf6+ Kg8 30. Qxe7 Qxe7 31. Bxe7 Re8 32. Bxd6 Rd8 33. Bxe5 Rxd3 34. Kf1 Rd2 35. Bc2 Rd7 36. Bd4 h5 37. Ke2 Bb7 38. f3 Rd8 39. Bb3 Ra8 40. Nc2 Bc8 41. Bc5 Kg7 42. h4 Bd7 43. Ke3 Ra6 44. Kf4 f6 45. e5 fxe5+ 46. Kxe5 Ra8 47. Kd6 Be8 48. Nd4 Rc8 49. Be6 Ra8 50. Nxc6 Ra6 51. Bd5 Kf6 52. Bd4+ Kf5 53. g3 g5 54. Be4# 1-0


[Site "https://www.chess.com"]

[Event "Titled Tuesday Blitz September 14 2021"]
[White "Haitin, Ilja"]
[Black "Demchenko, Anton"]
[WhiteFideId "4501764"]
[BlackFideId "4160258"]
[WhiteElo "2218"]
[BlackElo "2583"]
[Result "0-1"]
[Round "04"]
[TimeControl "180+1"]
[Date "2021.09.15"]
[WhiteClock "0:00:01"]
[BlackClock "0:00:15"]

1. Nf3 Nf6 2. g3 b5 3. Bg2 Bb7 4. O-O e6 5. d3 Be7 6. e4 d6 7. a4 b4 8. a5 O-O 9. Nbd2 c5 10. Nb3 Qc8 11. e5 dxe5 12. Nxe5 Bxg2 13. Kxg2 Nc6 14. Nxc6 Qxc6+ 15. Qf3 Nd5 16. Nd2 Rac8 17. Nc4 Bf6 18. Bd2 Rfd8 19. Rae1 Ne7 20. Qxc6 Nxc6 21. Be3 Rd5 22. f4 h5 23. h3 g6 24. Re2 b3 25. cxb3 Rb8 26. Ne5 Nxe5 27. fxe5 Bxe5 28. Rc1 Rb5 29. a6 Bd6 30. Rc3 Rb6 31. Rec2 Rxa6 32. Bxc5 Bxc5 33. Rxc5 Rxd3 34. Rc7 Rxb3 35. Rf2 Ra2 36. Rcxf7 Rbxb2 37. Rf8+ Kg7 38. Rf7+ Kh6 39. Rxb2 Rxb2+ 40. Kf3 a5 41. Re7 Rb6 42. Ra7 Rb5 43. Ra6 e5 44. h4 Kg7 45. Ke4 Kf7 46. Ra7+ Kf6 47. Ra6+ Kg7 48. Ra7+ Kh6 49. Ra6 Rb3 50. Rxa5 Rxg3 51. Kxe5 Rg4 52. Kf6 Rf4+ 53. Ke6 Rxh4 54. Ke5 Rg4 0-1


[Site "https://www.chess.com"]

[Event "Titled Tuesday Blitz September 14 2021"]
[White "Hansen, Eric"]
[Black "Timmermans, Mark"]
[WhiteFideId "2606771"]
[BlackFideId "1026399"]
[WhiteElo "2568"]
[BlackElo "2460"]
[Result "1/2-1/2"]
[Round "04"]
[TimeControl "180+1"]
[Date "2021.09.15"]
[WhiteClock "0:00:41"]
[BlackClock "0:01:31"]

1. e4 e5 2. Nf3 Nc6 3. Bb5 f5 4. d3 fxe4 5. dxe4 Nf6 6. Nc3 Bb4 7. Bc4 Bxc3+ 8. bxc3 d6 9. Qd3 Na5 10. Bg5 Nxc4 11. Qxc4 Qe7 12. Rb1 Qf7 13. Qxf7+ Kxf7 14. Nd2 b6 15. f3 a5 16. c4 h6 17. Be3 g5 18. h4 Rg8 19. hxg5 hxg5 20. g4 Be6 21. Ke2 Kg6 22. Rh2 Rh8 23. Rbh1 Rxh2+ 24. Rxh2 Rb8 25. Kd3 b5 26. cxb5 Rxb5 27. c4 Rb4 28. Kc3 Ra4 29. Kb3 Rb4+ 30. Kc3 Ra4 31. Kb3 Rb4+ 32. Kc3 1/2-1/2


[Site "https://www.chess.com"]

[Event "Titled Tuesday Blitz September 14 2021"]
[White "Ibrahimli, Murad"]
[Black "Katz, Alexander"]
[WhiteFideId "13410229"]
[BlackFideId "2039796"]
[WhiteElo "2109"]
[BlackElo "2371"]
[Result "1-0"]
[Round "04"]
[TimeControl "180+1"]
[Date "2021.09.15"]
[WhiteClock "0:00:24"]
[BlackClock "0:00:15"]

1. d4 d6 2. Nf3 Nf6 3. Bg5 Ne4 4. Bh4 Bf5 5. e3 Nd7 6. Bd3 Ndf6 7. Nbd2 Bg6 8. Bxf6 Nxf6 9. Bxg6 hxg6 10. c3 c6 11. Qc2 e6 12. O-O-O Qa5 13. Kb1 d5 14. Ne5 Bd6 15. f4 Bxe5 16. fxe5 Ng4 17. Nf1 O-O-O 18. Qe2 Nh6 19. Nd2 c5 20. Nb3 Qb6 21. Nxc5 Nf5 22. Rdf1 Rh4 23. g4 Nh6 24. h3 Rh8 25. a3 Qc7 26. Qf3 b6 27. Nd3 Qe7 28. Ne1 Ng8 29. Ng2 R4h7 30. Qxf7 Kd8 31. Qf3 Nh6 32. Nf4 Qe8 33. e4 Rf8 34. Nxe6+ Qxe6 35. Qxf8+ Kc7 36. g5 Ng8 37. Rf7+ Kc6 38. Qxg8 1-0


[Site "https://www.chess.com"]

[Event "Titled Tuesday Blitz September 14 2021"]
[White "Jones, Gawain C B"]
[Black "Perez Gormaz, Matias"]
[WhiteFideId "409561"]
[BlackFideId "3406342"]
[WhiteElo "2657"]
[BlackElo "2352"]
[Result "1-0"]
[Round "04"]
[TimeControl "180+1"]
[Date "2021.09.15"]
[WhiteClock "0:00:35"]
[BlackClock "0:00:03"]

1. Nf3 d5 2. g3 Nf6 3. Bg2 e6 4. O-O Be7 5. c4 O-O 6. b3 c5 7. e3 b6 8. cxd5 Nxd5 9. d4 Bb7 10. Bb2 Nd7 11. Nc3 cxd4 12. Nxd5 Bxd5 13. Nxd4 Bxg2 14. Kxg2 Rc8 15. Qf3 Ne5 16. Qe4 Qd5 17. Qxd5 exd5 18. Nf5 Bf6 19. Bxe5 Bxe5 20. Ne7+ Kh8 21. Nxc8 Bxa1 22. Nxa7 Bf6 23. Rd1 Rd8 24. Nc6 Rd6 25. Nb4 d4 26. Nc2 d3 27. Ne1 d2 28. Nf3 Bc3 29. a4 g6 30. Kf1 b5 31. axb5 Rb6 32. Nxd2 Rxb5 33. Ne4 Rxb3 34. Rd7 Kg8 35. Kg2 Bg7 36. Ng5 f5 37. Rd8+ Bf8 38. Ne6 Kf7 39. Nxf8 Ke7 40. Ra8 Rb2 41. Nxh7 1-0


[Site "https://www.chess.com"]

[Event "Titled Tuesday Blitz September 14 2021"]
[White "Kamsky, Gata"]
[Black "Stoyanov, Tsvetan"]
[WhiteFideId "2000024"]
[BlackFideId "2917173"]
[WhiteElo "2603"]
[BlackElo "2191"]
[Result "1-0"]
[Round "04"]
[TimeControl "180+1"]
[Date "2021.09.15"]
[WhiteClock "0:00:15"]
[BlackClock "0:00:02"]

1. e4 c5 2. Nf3 d6 3. Nc3 Nf6 4. Bc4 e6 5. O-O Be7 6. a3 O-O 7. Ba2 Nc6 8. Re1 Re8 9. d3 Bf8 10. Ne2 b6 11. Ng3 Bb7 12. c3 Rc8 13. d4 cxd4 14. cxd4 e5 15. Be3 d5 16. Nxe5 Nxe5 17. dxe5 Nxe4 18. Nxe4 dxe4 19. Qh5 g6 20. Bxf7+ Kxf7 21. Qxh7+ Bg7 22. Bh6 Rg8 23. e6+ Kxe6 24. Bxg7 Qg5 25. Bf6 Kxf6 26. Qxb7 Rge8 27. Qxa7 Qb5 28. a4 Qb4 29. Qa6 Ra8 30. Qb7 Rab8 31. Qc6+ Re6 32. Qc7 Rbe8 33. Qc3+ Qxc3 34. bxc3 Rc6 35. Ra3 Rc4 36. Rb1 Re6 37. Rab3 Rxa4 38. Rxb6 Rxb6 39. Rxb6+ Kf5 40. g3 Rc4 41. Rb5+ Kf6 42. Rb4 Rxc3 43. Rxe4 Kf5 44. Rf4+ Kg5 45. h4+ Kh5 46. Kg2 Rc2 47. Rf6 Kh6 48. g4 Kg7 49. g5 Rc4 50. Kg3 Rc3+ 51. f3 Rc4 52. Rd6 Rb4 53. Rd7+ Kg8 54. f4 Rb3+ 55. Kg4 Rb4 56. Rd6 Kg7 57. Rf6 Rb1 58. f5 Rb4+ 59. Kg3 Rb3+ 60. Kf2 gxf5 61. Rxf5 Kg6 62. Rf6+ Kh5 63. Rh6+ Kg4 64. g6 Rb8 65. g7 Rg8 66. Rh7 Kf5 67. h5 Kg5 68. h6 Kg6 69. Rh8 1-0


[Site "https://www.chess.com"]

[Event "Titled Tuesday Blitz September 14 2021"]
[White "Kezin, Roman"]
[Black "Sadhwani, Raunak"]
[WhiteFideId "24124621"]
[BlackFideId "35093487"]
[WhiteElo "2570"]
[BlackElo "2517"]
[Result "1-0"]
[Round "04"]
[TimeControl "180+1"]
[Date "2021.09.15"]
[WhiteClock "0:00:48"]
[BlackClock "0:00:24"]

1. d4 Nf6 2. c4 Nc6 3. Nf3 e6 4. a3 d6 5. Nc3 g6 6. e4 Bg7 7. Be2 O-O 8. O-O e5 9. d5 Ne7 10. Ne1 Nd7 11. Be3 f5 12. f3 f4 13. Bf2 g5 14. Nd3 Rf6 15. c5 Rg6 16. cxd6 cxd6 17. Nb5 a6 18. Na7 Nf6 19. Nxc8 Rxc8 20. Qb3 g4 21. Bh4 g3 22. h3 Rh6 23. Bxf6 Rxf6 24. Qxb7 Rb8 25. Qxa6 Ng6 26. Rfc1 Nh4 27. b4 Rh6 28. Rc6 Bf8 29. Rac1 Ra8 30. Qb7 Rb8 31. Rc8 Rxb7 32. Rxd8 Ra7 33. Rcc8 Rf6 34. Ra8 Rb7 35. Rdb8 Rc7 36. Rc8 Rff7 37. a4 Rb7 38. b5 Rfc7 39. Nb4 Ra7 40. Rxf8+ Kg7 41. Rfc8 1-0


[Site "https://www.chess.com"]

[Event "Titled Tuesday Blitz September 14 2021"]
[White "Kislov, Oleg"]
[Black "Abdurakhmonov, Mukhammadali"]
[WhiteFideId "13503774"]
[BlackFideId "14207346"]
[WhiteElo "2252"]
[BlackElo "2241"]
[Result "0-1"]
[Round "04"]
[TimeControl "180+1"]
[Date "2021.09.15"]
[WhiteClock "0:00:29"]
[BlackClock "0:01:20"]

1. e4 e5 2. Nf3 Nc6 3. d4 exd4 4. Nxd4 Nf6 5. Nc3 Bb4 6. Nxc6 bxc6 7. Bd3 O-O 8. O-O d5 9. exd5 cxd5 10. Bg5 c6 11. Qf3 Rb8 12. Bxf6 Qxf6 13. Qxf6 gxf6 14. Ne2 Bd6 15. b3 Re8 16. Nd4 Bd7 17. Bf5 Bxf5 18. Nxf5 Bb4 19. Ng3 Re5 20. Rad1 Rbe8 21. Rd4 a5 22. Rd3 Kg7 23. h3 Kg6 24. Rfd1 Re1+ 25. Kh2 f5 26. Nf1 Rxd1 27. Rxd1 Re2 28. c3 Bxc3 29. Rc1 d4 30. Kg3 Rxa2 31. Kf3 Rb2 32. g4 Rxb3 33. gxf5+ Kf6 34. Ng3 Bb2+ 0-1


[Site "https://www.chess.com"]

[Event "Titled Tuesday Blitz September 14 2021"]
[White "Kobalia, Mikhail"]
[Black "Deac, Bogdan-Daniel"]
[WhiteFideId "4119150"]
[BlackFideId "1226380"]
[WhiteElo "2789"]
[BlackElo "3000"]
[Result "1-0"]
[Round "04"]
[TimeControl "180+1"]
[Date "2021.09.15"]
[WhiteClock "0:00:15"]
[BlackClock "0:00:03"]

1. e4 e5 2. Nf3 Nc6 3. Bb5 Nf6 4. O-O Nxe4 5. d4 Nd6 6. Bxc6 dxc6 7. dxe5 Nf5 8. Qxd8+ Kxd8 9. Rd1+ Ke8 10. Nc3 Ne7 11. h3 Ng6 12. Be3 Be7 13. Rd2 h5 14. Re1 h4 15. Ne4 Rh5 16. Bg5 Be6 17. Bxe7 Kxe7 18. Neg5 Bd5 19. e6 f6 20. c4 Bxc4 21. Rd7+ Kf8 22. Rxc7 fxg5 23. e7+ Ke8 24. Nd4 g4 25. hxg4 Re5 26. Rxe5 Nxe5 27. Nf5 Nd7 28. Nd6+ Kxe7 29. Nxc4 Rb8 30. Na5 Kd6 31. Rxb7 Re8 32. Nc4+ Ke6 33. Rxa7 Rf8 34. f3 Rf4 35. b3 Rd4 36. Ra6 Kd5 37. Ne3+ Kc5 38. Nf5 Rd1+ 39. Kh2 g5 40. Ne7 Ne5 41. Ra5+ Kd6 42. Nf5+ Ke6 43. Ne3 Re1 44. Nc4 Nd3 45. Rxg5 Nf2 46. g3 h3 47. Re5+ Rxe5 48. Nxe5 Kxe5 49. a4 Nd3 50. a5 Nc5 51. g5 Kd6 52. g6 Ke7 53. f4 Kf6 54. f5 Na6 55. Kxh3 1-0


[Site "https://www.chess.com"]

[Event "Titled Tuesday Blitz September 14 2021"]
[White "Lagarde, Maxime"]
[Black "Jobava, Baadur"]
[WhiteFideId "662399"]
[BlackFideId "13601520"]
[WhiteElo "2615"]
[BlackElo "2731"]
[Result "0-1"]
[Round "04"]
[TimeControl "180+1"]
[Date "2021.09.15"]
[WhiteClock "0:00:50"]
[BlackClock "0:01:02"]

1. Nf3 d5 2. g3 c6 3. Bg2 Nf6 4. O-O Bf5 5. d3 e6 6. Nbd2 h6 7. c4 Be7 8. b3 O-O 9. Bb2 Nbd7 10. Re1 Bh7 11. Qc2 Re8 12. Rad1 Bf8 13. e4 dxe4 14. Nxe4 Nxe4 15. dxe4 Qc7 16. Qc3 a5 17. a3 Nc5 18. Ne5 Rad8 19. Rxd8 Rxd8 20. Ng4 f6 21. Bh3 e5 22. Qc2 Nd3 23. Re3 Nxb2 24. Qxb2 h5 25. Qe2 hxg4 26. Qxg4 Bxa3 27. Qh5 Qf7 28. Qf3 Bc5 29. Re1 Rd2 30. Re2 Rxe2 31. Qxe2 Qe8 32. Bg4 Kf8 33. Kg2 Qd8 34. Bf3 Qd4 35. h4 Bg8 36. Bg4 a4 37. bxa4 Bxc4 38. Qf3 Qd3 0-1


[Site "https://www.chess.com"]

[Event "Titled Tuesday Blitz September 14 2021"]
[White "Mikhailov, Viacheslav"]
[Black "Chigaev, Maksim"]
[WhiteFideId "4187369"]
[BlackFideId "4108116"]
[WhiteElo "2381"]
[BlackElo "2610"]
[Result "0-1"]
[Round "04"]
[TimeControl "180+1"]
[Date "2021.09.15"]
[WhiteClock "0:00:03"]
[BlackClock "0:00:13"]

1. Nf3 Nf6 2. g3 g6 3. Bg2 Bg7 4. O-O O-O 5. c4 d6 6. Nc3 c5 7. d4 Nc6 8. b3 Bg4 9. d5 Na5 10. Bb2 a6 11. h3 Bd7 12. e4 e5 13. dxe6 Bxe6 14. Qd2 Qb6 15. Rad1 Rad8 16. Nd5 Bxd5 17. exd5 Ne4 18. Qc2 Bxb2 19. Qxb2 Qb4 20. Rfe1 Rfe8 21. Qc1 Nc3 22. Rxe8+ Rxe8 23. Re1 Ne2+ 24. Rxe2 Rxe2 25. Qf4 Qb6 26. Qh6 f6 27. h4 Qd8 28. Bh3 Qf8 29. Qf4 Qe7 30. Be6+ Rxe6 31. dxe6 Qxe6 32. h5 Kg7 33. Qd2 Nc6 34. h6+ Kf7 35. Kg2 Ke7 36. Nh4 Nd4 37. Qf4 g5 38. Qe3 gxh4 39. Qf3 Nxf3 0-1


[Site "https://www.chess.com"]

[Event "Titled Tuesday Blitz September 14 2021"]
[White "Mitrabha, Guha"]
[Black "Yoo, Christopher Woojin"]
[WhiteFideId "5057000"]
[BlackFideId "30909694"]
[WhiteElo "2334"]
[BlackElo "2105"]
[Result "1/2-1/2"]
[Round "04"]
[TimeControl "180+1"]
[Date "2021.09.15"]
[WhiteClock "0:00:23"]
[BlackClock "0:00:09"]

1. d4 Nf6 2. c4 e6 3. g3 d5 4. Bg2 Be7 5. Nf3 O-O 6. O-O dxc4 7. Qc2 b5 8. a4 Bb7 9. axb5 a6 10. bxa6 Nxa6 11. Qxc4 Bd5 12. Qc3 c5 13. Na3 cxd4 14. Qxd4 Nc5 15. Nd2 Ra4 16. Qc3 Bxg2 17. Kxg2 Nd5 18. Qf3 Bf6 19. Rb1 Qa8 20. Nac4 Rb8 21. e4 Nb4 22. e5 Be7 23. Qxa8 Raxa8 24. b3 Nbd3 25. Rd1 Ra2 26. Bb2 h5 27. Bd4 Rd8 28. Bxc5 Nxc5 29. b4 Na4 30. Rb3 Rc2 31. Ra1 Nb6 32. Nxb6 Rdxd2 33. Rf1 Rb2 34. Nc4 Rxf2+ 35. Rxf2 Rxb3 36. Nd6 Bxd6 37. exd6 Rxb4 38. Rd2 Rb8 39. Kf3 Kf8 40. Ke4 Ke8 41. Ra2 Rb4+ 42. Ke5 Rb5+ 43. Ke4 Rb7 44. Kd4 Rb5 45. Ra8+ Kd7 46. Ra7+ Kxd6 47. Rxf7 g5 48. Rh7 g4 49. Ke4 Rf5 50. Rh6 Re5+ 51. Kd4 Ra5 52. Ke4 Ke7 53. Rh7+ Kf6 54. Rh6+ Kf7 55. Kf4 Rf5+ 56. Ke4 Rb5 57. Kf4 Ke7 58. Rh7+ Kd6 59. Ke4 Re5+ 60. Kd4 Rf5 61. Ke4 Ra5 62. Rh6 Ke7 63. Rh7+ Kf6 64. Rh6+ Kg5 65. Rxe6 Ra2 66. Re5+ Kg6 67. Re6+ Kf7 68. Rh6 Rxh2 69. Kf4 Kg7 70. Kg5 Rh3 71. Rg6+ Kf7 72. Rf6+ Ke7 73. Ra6 Rxg3 74. Kxh5 Kf7 75. Kg5 Rg1 76. Ra7+ Ke6 77. Kf4 g3 78. Ra6+ Kd5 79. Kf3 Kd4 80. Ra4+ Kd3 81. Ra8 g2 82. Rd8+ Kc2 83. Kf2 Rd1 84. Rc8+ Kd2 85. Kxg2 Ke2 86. Re8+ Kd2 87. Kf2 Rc1 88. Rd8+ Kc3 89. Ke2 Rh1 90. Rc8+ Kd4 91. Rd8+ Ke4 92. Ra8 Kf4 93. Kd3 Rh3+ 94. Kd4 Rh6 95. Rf8+ Kg5 96. Ke5 Rg6 97. Rh8 Rh6 98. Rg8+ Rg6 99. Ra8 Rh6 100. Ra1 Rh4 101. Rg1+ Rg4 102. Rh1 Rg3 103. Rh8 Re3+ 104. Kd4 Re1 105. Rg8+ Kf6 106. Rf8+ Ke7 107. Rf2 Re6 108. Kd5 Rf6 109. Re2+ Kf7 110. Re5 Rf4 111. Re4 Rxe4 112. Kxe4 1/2-1/2


[Site "https://www.chess.com"]

[Event "Titled Tuesday Blitz September 14 2021"]
[White "Nakamura, Hikaru"]
[Black "Samadov, Read"]
[WhiteFideId "2016192"]
[BlackFideId "13417444"]
[WhiteElo "3176"]
[BlackElo "2848"]
[Result "1-0"]
[Round "04"]
[TimeControl "180+1"]
[Date "2021.09.15"]
[WhiteClock "0:01:38"]
[BlackClock "0:00:56"]

1. Nf3 Nf6 2. b3 d5 3. Bb2 Bf5 4. e3 e6 5. Nh4 Bg4 6. Be2 Bxe2 7. Qxe2 Be7 8. O-O O-O 9. f4 c5 10. d3 Nc6 11. Nd2 Nd7 12. Nhf3 Bf6 13. d4 cxd4 14. exd4 Re8 15. Ne5 Nf8 16. Ndf3 Ng6 17. g3 Rc8 18. c3 Nge7 19. g4 g6 20. h4 Bg7 21. Ng5 f6 22. Nxe6 Qd6 23. Nd3 Kf7 24. Rae1 Ng8 25. f5 Qg3+ 26. Qg2 Qxd3 27. Nc5 1-0


[Site "https://www.chess.com"]

[Event "Titled Tuesday Blitz September 14 2021"]
[White "Nazaretyan, Tigran"]
[Black "Molina, Roberto Junio Brito"]
[WhiteFideId "24162345"]
[BlackFideId "2109450"]
[WhiteElo "2212"]
[BlackElo "2402"]
[Result "1-0"]
[Round "04"]
[TimeControl "180+1"]
[Date "2021.09.15"]
[WhiteClock "0:01:05"]
[BlackClock "0:00:02"]

1. d4 d5 2. c4 c6 3. Nf3 Nf6 4. Nc3 dxc4 5. a4 Bf5 6. Ne5 Nbd7 7. Nxc4 Nb6 8. Ne5 Nfd7 9. a5 Nxe5 10. axb6 Nd7 11. e4 Bg6 12. bxa7 Qb6 13. Qa4 e5 14. dxe5 Bc5 15. Qc2 Rxa7 16. Rxa7 Qxa7 17. f4 O-O 18. h3 h6 19. Bd3 Re8 20. Ke2 Bh7 21. Rd1 b5 22. Kf3 f6 23. Nxb5 cxb5 24. Bxb5 Nxe5+ 25. fxe5 Rxe5 26. Rd8+ Kf7 27. Qc4+ Kg6 28. Be8+ Rxe8 29. Rxe8 Qc7 30. Qd5 1-0


[Site "https://www.chess.com"]

[Event "Titled Tuesday Blitz September 14 2021"]
[White "Nesterov, Arseniy"]
[Black "Rozman, Levy"]
[WhiteFideId "24198455"]
[BlackFideId "2039877"]
[WhiteElo "2494"]
[BlackElo "2376"]
[Result "1-0"]
[Round "04"]
[TimeControl "180+1"]
[Date "2021.09.15"]
[WhiteClock "0:00:11"]
[BlackClock "0:00:01"]

1. d4 g6 2. e4 Bg7 3. Nf3 d6 4. Bc4 Nc6 5. O-O e5 6. dxe5 Nxe5 7. Nxe5 Bxe5 8. Qd5 Qe7 9. Nc3 Bg7 10. Bg5 f6 11. Bf4 Nh6 12. Nb5 a6 13. Nc3 Nf7 14. Qd2 Be6 15. Nd5 Bxd5 16. Bxd5 Rb8 17. Rad1 O-O 18. Rfe1 Kh8 19. h3 Ne5 20. Bg3 Rfe8 21. f4 Nd7 22. f5 Rbd8 23. Bxb7 Nc5 24. Bc6 Rf8 25. b4 Nd7 26. Bd5 Ne5 27. c3 gxf5 28. exf5 Qd7 29. Be6 Qb5 30. Kh1 d5 31. Qd4 c6 32. Rxe5 fxe5 33. Bxe5 Qb7 34. f6 1-0


[Site "https://www.chess.com"]

[Event "Titled Tuesday Blitz September 14 2021"]
[White "Ozen, Bahadir"]
[Black "Pridorozhni, Aleksei"]
[WhiteFideId "6337058"]
[BlackFideId "4127870"]
[WhiteElo "2503"]
[BlackElo "2565"]
[Result "1/2-1/2"]
[Round "04"]
[TimeControl "180+1"]
[Date "2021.09.15"]
[WhiteClock "0:00:08"]
[BlackClock "0:00:14"]

1. e4 c5 2. Nf3 e6 3. d4 cxd4 4. Nxd4 Nf6 5. Nc3 Nc6 6. Ndb5 Bc5 7. Nd6+ Ke7 8. Nxc8+ Rxc8 9. Bd3 Qc7 10. O-O a6 11. Bg5 h6 12. Bh4 Bd6 13. Bg3 Bxg3 14. hxg3 h5 15. Re1 h4 16. gxh4 Rxh4 17. g3 Rh6 18. Bf1 Rch8 19. Bg2 Kf8 20. Qd2 Ne5 21. Rad1 Nfg4 22. f4 Nc4 23. Qxd7 Qb6+ 24. Qd4 Qxd4+ 25. Rxd4 b5 26. Rd8+ Ke7 27. Rxh8 Rxh8 28. b3 Na3 29. Bf3 Nh6 30. Ne2 Rc8 31. c3 Ng8 32. e5 Nh6 33. g4 Rd8 34. Nd4 Rc8 35. Ne2 Nc2 36. Rd1 Ne3 37. Rd3 Nexg4 38. Bxg4 Nxg4 39. Rg3 Nh6 40. Rxg7 Nf5 41. Rh7 Rd8 42. Kf2 Rd2 43. Rh8 Rxa2 44. Rb8 Ra3 45. b4 Ra2 46. Rb7+ Kf8 47. Ke1 Ne3 48. Nd4 Nd5 49. f5 exf5 50. Nxf5 Kg8 51. Nh6+ Kg7 52. Nxf7 Nxc3 53. Nd6+ Kg6 54. Kf1 Ra1+ 55. Kg2 Re1 56. Rb6 Kg5 57. Rxa6 Nd5 58. Nxb5 Rxe5 59. Nd4 Nf4+ 60. Kf3 Nd3 61. Ra5 Kf6 62. Rxe5 Kxe5 63. Nc2 Nxb4 1/2-1/2


[Site "https://www.chess.com"]

[Event "Titled Tuesday Blitz September 14 2021"]
[White "Peralta, Eduardo"]
[Black "Svane, Rasmus"]
[WhiteFideId "3700062"]
[BlackFideId "4657101"]
[WhiteElo "2159"]
[BlackElo "2643"]
[Result "1/2-1/2"]
[Round "04"]
[TimeControl "180+1"]
[Date "2021.09.15"]
[WhiteClock "0:00:18"]
[BlackClock "0:00:07"]

1. Nf3 d5 2. g3 g6 3. Bg2 Bg7 4. O-O e5 5. d3 Nc6 6. Nbd2 Nge7 7. c4 d4 8. e3 dxe3 9. Ne4 f5 10. Nc3 exf2+ 11. Rxf2 O-O 12. Be3 Nd4 13. Qd2 Nec6 14. Nd5 Nxf3+ 15. Bxf3 Be6 16. Re1 Qd7 17. a3 Rae8 18. Bg2 b6 19. Bh6 Nd4 20. Bxg7 Qxg7 21. Nb4 Bd7 22. Bd5+ Kh8 23. Bg2 Qf6 24. Nc2 Nxc2 25. Qxc2 Qd6 26. Bd5 c6 27. Bg2 Kg7 28. b4 c5 29. Qb2 Qd4 30. Bd5 Kf6 31. bxc5 bxc5 32. Qb7 Re7 33. Qxa7 Kg7 34. Qa5 Rb8 35. Qc7 Rbe8 36. Qb6 Be6 37. Bg2 Bf7 38. Qb2 Qxd3 39. Bc6 Rc8 40. Rxe5 Rxe5 41. Qxe5+ Kg8 42. Bd5 Bxd5 43. Qxd5+ Qxd5 44. cxd5 Kf7 45. Re2 c4 46. d6 c3 47. d7 Rd8 48. Rc2 Rxd7 49. Rxc3 Rd1+ 50. Kg2 Rd2+ 51. Kg1 Kf6 52. Rc7 h6 53. a4 Ra2 54. Rc6+ Kg5 55. Rc4 Kh5 56. Rd4 Kg5 57. Rc4 Rb2 58. Rd4 Rc2 59. Rb4 Re2 60. Rd4 Ra2 61. Rc4 1/2-1/2


[Site "https://www.chess.com"]

[Event "Titled Tuesday Blitz September 14 2021"]
[White "Rastbod, Ali"]
[Black "Holt, Conrad"]
[WhiteFideId "12567477"]
[BlackFideId "2034387"]
[WhiteElo "2226"]
[BlackElo "2586"]
[Result "1-0"]
[Round "04"]
[TimeControl "180+1"]
[Date "2021.09.15"]
[WhiteClock "0:00:09"]
[BlackClock "0:00:08"]

1. c4 c6 2. Nc3 d5 3. cxd5 cxd5 4. d4 Nc6 5. Bf4 Nf6 6. e3 Bf5 7. Qb3 Na5 8. Qa4+ Bd7 9. Qc2 e6 10. Bd3 Nc6 11. a3 Nh5 12. Bg3 Be7 13. Nf3 g6 14. O-O Nxg3 15. hxg3 Rc8 16. e4 dxe4 17. Bxe4 O-O 18. Rad1 Re8 19. Qd2 Bf6 20. Rfe1 Qc7 21. Qf4 Kg7 22. Nb5 Qxf4 23. gxf4 Red8 24. Nd6 Rb8 25. Ne5 Be8 26. Nxe8+ Rxe8 27. Bxc6 bxc6 28. b4 Rbc8 29. Rc1 Rc7 30. Nxc6 Rec8 31. b5 Bxd4 32. a4 a6 33. Red1 Bb6 34. g3 h5 35. Kg2 Kf6 36. Rc2 Ra8 37. Rcd2 axb5 38. axb5 Ra3 39. Rd3 Ra2 40. R1d2 Rxd2 41. Rxd2 Rb7 42. Kf3 Bc5 43. Rb2 Kf5 44. Na5 Ra7 45. Nc4 Ra4 46. Ne3+ Kf6 47. b6 Bd6 48. b7 Bb8 49. Rb5 Ke7 50. Nc2 Kd7 51. Rb3 Ra7 52. Na3 Kc6 53. Nc4 Rxb7 54. Na5+ Kd5 55. Rxb7 Bd6 56. Rxf7 e5 57. fxe5 Kxe5 58. Nc4+ Ke6 59. Nxd6 g5 60. Rh7 g4+ 61. Kf4 Kf6 62. Rxh5 Kg6 63. Rg5+ Kh6 64. Nf5+ Kh7 65. Ke5 Kh8 66. Kf6 Kh7 67. Kf7 Kh8 68. Rh5# 1-0


[Site "https://www.chess.com"]

[Event "Titled Tuesday Blitz September 14 2021"]
[White "Sarana, Alexey"]
[Black "Csonka, Balazs"]
[WhiteFideId "24133795"]
[BlackFideId "742910"]
[WhiteElo "2671"]
[BlackElo "2404"]
[Result "0-1"]
[Round "04"]
[TimeControl "180+1"]
[Date "2021.09.15"]
[WhiteClock "0:00:07"]
[BlackClock "0:00:04"]

1. e4 e5 2. Nf3 Nc6 3. Bb5 a6 4. Ba4 Bc5 5. c3 Nge7 6. d4 exd4 7. cxd4 Bb4+ 8. Nc3 d5 9. e5 Bg4 10. Be3 O-O 11. h3 Bxf3 12. Qxf3 f6 13. exf6 Rxf6 14. Qg4 Nf5 15. O-O Nce7 16. Bg5 Rf7 17. Rfe1 c6 18. Bc2 Qb6 19. Bxe7 Nxe7 20. Re3 Raf8 21. Rf1 Nf5 22. Bxf5 Rxf5 23. Ne2 Bd6 24. Rb3 Qc7 25. g3 Qf7 26. f4 Re8 27. h4 Rf6 28. Rf2 Rfe6 29. Kg2 R6e7 30. Ng1 h5 31. Qd1 Qg6 32. Nh3 Re3 33. Rxe3 Rxe3 34. Ng5 Be7 35. Nf3 Bd6 36. Ne5 Qxg3+ 37. Kf1 Bxe5 38. dxe5 Qh3+ 39. Rg2 Qh1+ 40. Rg1 Qf3+ 41. Qxf3 Rxf3+ 42. Ke2 Rxf4 43. Kd3 Rf5 44. Kd4 b6 45. e6 Kf8 46. Rg6 Ke7 47. Rxg7+ Kxe6 48. Rb7 Rf4+ 49. Ke3 Rb4 50. b3 Kd6 51. Kf3 Kc5 52. Kg3 Rg4+ 53. Kh3 Re4 54. Rh7 Re5 55. Kg3 d4 56. Kf2 d3 57. Rg7 d2 58. Rg1 Kd4 59. Rg6 d1=Q 60. Rd6+ Rd5 61. Re6 Qd2+ 62. Re2 Qxe2+ 63. Kxe2 Ke4 0-1


[Site "https://www.chess.com"]